 Dungeon Crawl Stone Soup version 0.19.4-8-ga85b6b9 (webtiles) character file.

8873 aeluma the Martial Artist (level 11, -15/77 HPs)
             Began as a Yellow Draconian Transmuter on Feb 8, 2017.
             Was a High Priest of Cheibriados.
             Killed from afar by a fire dragon (31 damage)
             ... with a blast of flame
             ... on level 10 of the Dungeon.
             The game lasted 00:38:15 (10477 turns).

aeluma the Martial Artist (DrTm)                   Turns: 10477, Time: 00:38:16

Health: -15/77     AC:  8    Str: 27 (30) XL:     11   Next: 15%
Magic:  9/14       EV: 26    Int: 27      God:    Cheibriados [*****.]
Gold:   647        SH:  0    Dex: 26 (27) Spells: 3 memorised, 8 levels left

rFire  + . .     SeeInvis .       - Unarmed
rCold  + . .     Gourm    .     (armour unavailable)
rNeg   . . .     Faith    .     (no shield)
rPois  +         Spirit   .     (helmet restricted)
rElec  +         Reflect  .     F - +0 cloak
rCorr  +         Harm     .     (no gloves)
MR     .....                    (boots currently unavailable)
Stlth  ++........               g - amulet of regeneration
                                L - +4 ring of evasion
                                J - +4 ring of strength

@: appendage, resistant, very slow
A: spit acid, acid resistance, unfitting armour, talons 3, cold-blooded, AC +7
a: Spit Acid, End Transformation, Bend Time, Temporal Distortion, Slouch, Step
From Time, Renounce Religion


You were on level 10 of the Dungeon.
You worshipped Cheibriados.
Cheibriados was extremely pleased with you.
You were near starving.
You had grown temporary talons.
You visited 2 branches of the dungeon, and saw 11 of its levels.

You collected 647 gold pieces.

Inventory:

Hand Weapons
 x - a +0 dagger of holy wrath
 A - the +10 hand axe "Wiegolar" {drain, rPois Str-2 Int+7 SInv, unknown}
   (You found it on level 5 of the Dungeon)

   A truly terrible weapon, it drains the life of those it strikes.
   It affects your strength (-2).
   It affects your intelligence (+7).
   It protects you from poison.
   It lets you see invisible.
Missiles
 a - 197 arrows
 s - 7 tomahawks (quivered)
Armour
 F - a +0 cloak (worn)
Rods
 o - a +0 lightning rod (9/9)
   (You found it on level 3 of the Dungeon)
Jewellery
 g - an amulet of regeneration (around neck)
 i - an uncursed amulet of faith
 t - a +2 ring of protection
 B - an uncursed ring of stealth
 J - a +4 ring of strength (left hand)
 L - a +4 ring of evasion (right hand)
 O - an uncursed ring of magical power
 Q - an uncursed ring of resist corrosion {unknown}
Wands
 D - a wand of lightning (8/15)
 I - a wand of flame (12/48)
 N - a wand of lightning (10/15)
Scrolls
 d - 3 scrolls of magic mapping {unknown}
 e - 5 scrolls of enchant weapon
 r - a scroll of recharging {unknown}
 u - a scroll of holy word {unknown}
 v - 10 scrolls of remove curse
 y - a scroll of fog {unknown}
 E - 2 scrolls of noise {unknown}
 G - a scroll of random uselessness {unknown}
 M - a scroll of immolation {unknown}
 R - a scroll of amnesia
Potions
 j - a potion of might
 l - a potion of flight
 q - 3 potions of cure mutation
 w - 2 potions of agility
 z - a potion of brilliance
 K - a potion of magic
 P - 2 potions of curing
Books
 b - a book of Changes

   Spells                             Type                      Level
   a - Beastly Appendage              Transmutation                1
   b - Sticks to Snakes               Transmutation                2
   c - Spider Form                    Transmutation/Poison         3
   d - Ice Form                       Ice/Transmutation            4
   e - Blade Hands                    Transmutation                5
 h - a book of Ice

   Spells                             Type                      Level
   a - Ice Form                       Ice/Transmutation            4
   b - Metabolic Englaciation         Hexes/Ice                    5
   c - Ozocubu's Refrigeration        Ice                          6
   d - Bolt of Cold                   Conjuration/Ice              6
   e - Freezing Cloud                 Conjuration/Ice/Air          6
   f - Simulacrum                     Ice/Necromancy               6
 m - a book of Battle

   Spells                             Type                      Level
   a - Infusion                       Charms                       1
   b - Shroud of Golubria             Charms/Translocation         2
   c - Song of Slaying                Charms                       2
   d - Spectral Weapon                Hexes/Charms                 3
   e - Regeneration                   Charms/Necromancy            3
 S - a book of Cantrips

   Spells                             Type                      Level
   a - Confusing Touch                Hexes                        1
   b - Animate Skeleton               Necromancy                   1
   c - Summon Small Mammal            Summoning                    1
   d - Apportation                    Translocation                1
Comestibles
 c - 3 bread rations
 f - 7 meat rations
 n - 14 royal jellies
 p - a beef jerky
 H - 24 fruits


   Skills:
 - Level 1.1 Fighting
 + Level 9.6 Dodging
 * Level 11.9 Unarmed Combat
 - Level 2.0 Spellcasting
 * Level 8.0 Transmutations


You had 8 spell levels left.
You knew the following spells:

 Your Spells              Type           Power        Failure   Level  Hunger
a - Beastly Appendage     Tmut           #####.       1%          1    None
b - Spider Form           Tmut/Pois      ###.......   6%          3    ###....
c - Shroud of Golubria    Chrm/Tloc      #.........   14%         2    ##.....


Dungeon Overview and Level Annotations

Branches:
Dungeon (10/15)            Temple (1/1) D:5             Orc (0/2) D:10
   Lair: D:8-11

Altars:
Ashenzari
Cheibriados
Dithmenos
Elyvilon
Fedhas
Gozag
Hepliaklqana
Kikubaaqudgha
Makhleb
Nemelex Xobeh
Okawaru
Qazlal
Ru
Sif Muna
Trog
Uskayaw
Vehumet
Xom
Yredelemnul
Zin
The Shining One


Innate Abilities, Weirdness & Mutations

You can spit globs of acid.
You are resistant to acid.
Your golden yellow scales are hard. (AC +7)
You cannot fit into any form of body armour.
You are cold-blooded and may be slowed by cold attacks.
You have claws for feet.


Message History

You extend your transformation's duration.
The fire bat completely misses you.
The fire bat bites you but does no damage.
The fire bat completely misses you. The fire bat misses you.
The fire dragon breathes flames at you. The blast of flame hits you!
You resist.
* * * LOW HITPOINT WARNING * * *
You fail to use your ability.
The fire bat completely misses you.
The fire bat bites you but does no damage. x2
The fire dragon breathes flames at you. The blast of flame misses you.
You warp the flow of time around you!
You are near starving!
The fire bat completely misses you. The fire dragon breathes flames at you.
The blast of flame misses you. The fire bat closely misses you.
The fire dragon breathes flames at you. The blast of flame hits you!
You resist.
You die...

≈≈≈≈
#........8...>...8..###
≈≈≈≈ #..##.##............#
# ≈≈≈ .#
#..##.##............# # ≈≈≈
..###......#)........#.# #
≈≈ ..#####.###.........#.#
# . ..# #...#.........#.###
... #.# #...#....8....#....
....#.b##Db.####...########
#=#.....#.@##..........####
)⌠|...⌠%................[..
#:#.....#.###....#.##..####
....#..##.# #......##..# #
... #.# #.###.#..#.##..####
. ..# ...................
..# ..###.#..#.###.#### ..#
..#.###.#..#.# ### .#
...........#.#


You could see a fire dragon and a fire bat.

Vanquished Creatures
  Erica (D:8)
  Joseph (D:7)
  A queen bee (D:9)
  2 trolls (D:9)
  Prince Ribbit (D:7)
  2 wyverns
  A fire bat (D:10)
  2 hungry ghosts
  6 ice beasts
  2 orc warriors (D:9)
  A sky beast (D:6)
  10 ogres
  A black bear (D:8)
  3 phantoms
  2 centaurs
  A big kobold (D:8)
  7 bullfrogs
  A scorpion (D:5)
  2 wyvern skeletons
  A troll zombie (D:10)
  25 killer bees (D:9)
  5 wights (D:6)
  The ghost of DamienThorn the Firebug, a weakling DgFE (D:3)
  2 electric eels (D:10)
  9 howler monkeys
  5 crimson imps
  A centaur zombie (D:8)
  A lava snake (D:9)
  9 hounds
  2 gnoll shamans (D:5)
  A jelly (D:7)
  A quasit (D:9)
  3 orc priests
  4 iguanas
  10 orc wizards
  6 worker ants
  A killer bee zombie (D:6)
  6 ogre zombies (D:10)
  2 hound skeletons
  A hound zombie (D:5)
  A howler monkey zombie (D:9)
  9 gnolls (D:5)
  9 adders
  4 shadow imps
  An ooze (D:2)
  An adder zombie (D:5)
  2 adder skeletons
  A dart slug (D:3)
  2 leopard geckos
  29 orcs
  2 ball pythons
  4 giant cockroaches
  9 hobgoblins
  9 jackals
  9 kobolds
  6 quokkas
  6 bats
  5 frilled lizards
  4 goblins
  A goblin skeleton (D:10)
  2 goblin zombies (D:10)
  A hobgoblin skeleton (D:10)
  2 hobgoblin zombies (D:10)
  3 jackal skeletons
  A leopard gecko skeleton (D:5)
  A leopard gecko zombie (D:5)
  3 orc skeletons (D:10)
  14 orc zombies (D:10)
  A quokka skeleton (D:4)
  3 rats
288 creatures vanquished.

Notes
Turn   | Place    | Note
-------+----------+-------------------------------------------
     0 | D:1      | aeluma the Draconian Transmuter began the quest for the Orb.
     0 | D:1      | Reached XP level 1. HP: 16/16 MP: 3/3
   178 | D:1      | Reached XP level 2. HP: 15/23 MP: 3/5
   877 | D:2      | Reached XP level 3. HP: 20/28 MP: 4/6
  1258 | D:2      | Reached skill level 4 in Unarmed Combat
  1312 | D:2      | Found a hazy altar of Hepliaklqana.
  1315 | D:2      | Found a stormy altar of Qazlal.
  1317 | D:2      | Found a snail-covered altar of Cheibriados.
  1353 | D:2      | Became a worshipper of Cheibriados the Contemplative
  1440 | D:2      | Reached XP level 4. HP: 23/35 MP: 5/7
  2057 | D:3      | Noticed DamienThorn's ghost (weakling DgFE)
  2076 | D:3      | Killed DamienThorn's ghost
  2076 | D:3      | Reached XP level 5. HP: 24/40 MP: 6/8
  2290 | D:3      | Reached * piety under Cheibriados
  2787 | D:4      | Reached skill level 5 in Unarmed Combat
  3208 | D:4      | Reached XP level 6. HP: 38/47 MP: 6/9
  3895 | D:4      | Learned a level 3 spell: Spider Form
  4188 | D:5      | Entered Level 5 of the Dungeon
  4294 | D:5      | You fall through a shaft!
  4550 | D:5      | Reached skill level 6 in Unarmed Combat
  4550 | D:5      | Your scales start taking on a golden yellow colour.
  4550 | D:5      | Reached XP level 7. HP: 52/52 MP: 8/10
  4659 | D:5      | Reached ** piety under Cheibriados
  4705 | D:5      | Reached skill level 5 in Dodging
  4762 | D:5      | Found a staircase to the Ecumenical Temple.
  4796 | Temple   | Entered the Ecumenical Temple
  5327 | D:5      | Reached skill level 7 in Unarmed Combat
  5527 | D:5      | Found an ancient bone altar of Kikubaaqudgha.
  5880 | D:5      | Got an ancient hand axe
  6039 | D:6      | Reached XP level 8. HP: 46/59 MP: 11/11
  6130 | D:6      | Reached *** piety under Cheibriados
  6264 | D:6      | Reached skill level 8 in Unarmed Combat
  6949 | D:7      | Noticed Joseph
  7022 | D:7      | Killed Joseph
  7022 | D:7      | Reached skill level 9 in Unarmed Combat
  7022 | D:7      | Reached XP level 9. HP: 30/64 MP: 12/12
  7308 | D:7      | Noticed Prince Ribbit
  7338 | D:7      | Found an opulent altar of Gozag.
  7534 | D:7      | Killed Prince Ribbit
  7562 | D:7      | Reached skill level 10 in Unarmed Combat
  7598 | D:7      | Reached **** piety under Cheibriados
  7603 | D:7      | Found a white marble altar of Elyvilon.
  8325 | D:8      | Noticed Erica
  8390 | D:8      | Killed Erica
  8390 | D:8      | Reached skill level 5 in Transmutations
  8390 | D:8      | Reached XP level 10. HP: 54/71 MP: 8/13
  8396 | D:8      | Reached ***** piety under Cheibriados
  8805 | D:9      | Learned a level 2 spell: Shroud of Golubria
  8859 | D:9      | Reached skill level 11 in Unarmed Combat
  8977 | D:9      | HP: 2/71 [killer bee (4)]
  9788 | D:10     | Entered Level 10 of the Dungeon
  9888 | D:10     | Reached XP level 11. HP: 76/77 MP: 14/14
 10252 | D:10     | Found a staircase to the Orcish Mines.
 10463 | D:10     | Noticed a fire dragon
 10477 | D:10     | Killed from afar by a fire dragon

Skill      XL: |  1  2  3  4  5  6  7  8  9 10 11 |
---------------+----------------------------------+-----
Unarmed Combat | 4 5 6 7 9 10 11 | 11.9
Transmutations | 3 5 7 8 |  8.0
Dodging        | 2 3 4 5 7 8 9 |  9.6
Fighting       | |  1.1
Spellcasting   | |  2.0

Action                   |  1- 3 |  4- 6 |  7- 9 | 10-12 || total
-------------------------+-------+-------+-------+-------++-------
Melee: Unarmed           |   122 |   225 |   424 |   355 ||  1126
       Kick              |    16 |    26 |    92 |    52 ||   186
       Headbutt          |     7 |    12 |    36 |    58 ||   113
       Tailslap          |     7 |    20 |    73 |    73 ||   173
       Punch             |       |     4 |    22 |    26 ||    52
Throw: Tomahawk          |       |       |     1 |       ||     1
 Cast: Beastly Appendage |    22 |    36 |    55 |    50 ||   163
       Spider Form       |       |       |     1 |     1 ||     2
       Shroud of Golubri |       |       |       |     3 ||     3
Invok: Bend Time         |       |       |     1 |       ||     1
       Temporal Distorti |       |       |       |     1 ||     1
 Abil: Spit Acid         |       |       |     4 |       ||     4
  Use: Scroll            |       |    10 |       |     6 ||    16
       Potion            |       |       |     9 |     6 ||    15
 Stab: Sleeping          |     1 |     2 |     1 |       ||     4
  Eat: Chunk             |     2 |     8 |     9 |     4 ||    23
Armor: Skin              |    33 |    62 |   108 |    65 ||   268
Dodge: Dodged            |    86 |   194 |   379 |   551 ||  1210
